AoeStats
← Goth2Boss

Arena

509524000Analyzed
4v4 RM · 6d ago on Sep 27, 2026· 49m 36s· 8 players
Game mode
Random Map
Map size
Large (8 player)
Population
200
Speed
Normal
Resources
Standard
Victory
Conquest
Starting age
Dark Age
Ending age
Imperial Age
RankedLock teamsTeams togetherTeam positionsShared explorationLock speedFull tech treeHidden civsTurbo modeCheats
Victory
Defeat
🇺🇸 Teutons · United States
856
+15
🇺🇸 Britons · United States
854
+15
🇦🇷 Lithuanians · Argentina
852
+15
🇲🇽 Maya · Mexico
787
+18
🇺🇸 Lithuanians · United States
899
-19
🇺🇸 Armenians · United States
832
-16
🇺🇸 Hindustanis · United States
816
-15
🇺🇸 Italians · United States
768
-13
LordSandwichBoss
13:44 Feudal Age
15:12 Horse Collar
15:19 Double-Bit Axe
16:44 Man-at-Arms
21:39 Long Swordsman
22:46 Arson
28:25 Castle Age
26:20 Gold Mining
26:36 Stone Mining
26:53 Scale Mail Armor
27:04 Forging
26:48 Fletching
26:59 Padded Archer Armor
28:28 Crossbowman
28:32 Two-Handed Swordsman
29:00 Gambesons
29:16 Squires
29:51 Bow Saw
29:51 Bodkin Arrow
32:08 Heavy Plow
33:21 Wheelbarrow
35:31 Gold Shaft Mining
36:51 Chain Mail Armor
37:35 Hand Cart
39:08 Iron Casting
39:39 Leather Archer Armor
43:21 Imperial Age
BiscuitBoss
11:28 Feudal Age
11:57 Double-Bit Axe
11:55 Horse Collar
16:47 Castle Age
16:48 Scale Barding Armor
18:38 Bow Saw
18:51 Heavy Plow
20:07 Fervor
20:26 Husbandry
24:12 Wheelbarrow
24:12 Light Cavalry
25:03 Bloodlines
25:38 Man-at-Arms
28:17 Forging
28:46 Chain Barding Armor
29:49 Iron Casting
34:25 Imperial Age
34:33 Imperial Age
32:21 Hand Cart
33:02 Scale Mail Armor
34:43 Stone Mining
34:45 Gold Mining
35:14 Chain Mail Armor
35:01 Cavalier
36:20 Plate Barding Armor
36:56 Stone Shaft Mining
36:43 Paladin
39:17 Crossbowman
40:03 Thumb Ring
43:19 Conscription
45:00 Chemistry
45:55 Loom
48:26 Ballistics
BookishBoss
3:32 Loom
11:08 Feudal Age
11:58 Double-Bit Axe
12:05 Horse Collar
12:15 Town Watch
14:50 Stone Mining
15:40 Gold Mining
16:49 Wheelbarrow
21:04 Castle Age
19:59 Arson
20:18 Scale Mail Armor
21:44 Scale Barding Armor
22:21 Bow Saw
25:35 Hand Cart
25:32 Man-at-Arms
27:37 Forging
28:09 Squires
29:40 Grand Trunk Road
29:10 Pikeman
29:10 Long Swordsman
32:04 Husbandry
33:48 Gold Shaft Mining
33:48 Stone Shaft Mining
34:44 Iron Casting
34:50 Town Patrol
35:18 Light Cavalry
35:22 Long Swordsman
36:26 Ballistics
36:15 Heavy Plow
37:38 Bloodlines
37:45 Murder Holes
38:00 Masonry
39:38 Chain Barding Armor
49:58 Imperial Age
48:32 Fortified Wall
49:58 Padded Archer Armor
49:54 Fletching
Goth2Boss
15:37 Feudal Age
16:41 Horse Collar
22:04 Arson
22:56 Wheelbarrow
22:54 Fletching
23:17 Double-Bit Axe
31:13 Castle Age
29:11 Stone Mining
29:14 Gold Mining
30:20 Forging
32:14 Hand Cart
31:41 Pikeman
32:22 Squires
31:46 Elite Skirmisher
37:43 Imperial Age
35:38 Fortified Wall
36:28 Bow Saw
36:43 Heavy Plow
36:52 Murder Holes
39:44 Conscription
40:17 Silk Road
40:47 Stone Shaft Mining
42:18 Crop Rotation
45:18 Two-Man Saw
46:46 Chemistry
46:07 Ballistics
46:03 Masonry
Risk_Steves
9:30 Loom
11:48 Feudal Age
16:23 Castle Age
15:08 Double-Bit Axe
15:06 Horse Collar
29:51 Wheelbarrow
32:42 Imperial Age
31:38 Hand Cart
31:31 Gold Mining
33:59 Arson
35:16 Scale Mail Armor
35:26 Forging
35:29 Squires
38:45 Elite Teutonic Knight
40:48 Crenellations
42:01 Pikeman
43:53 Conscription
43:53 Chain Mail Armor
48:01 Heavy Plow
48:15 Bow Saw
50:25 Plate Mail Armor
50:31 Iron Casting
49:46 Fletching
49:57 Padded Archer Armor
Padenormous
0:37 Loom
11:46 Feudal Age
13:07 Wheelbarrow
12:42 Horse Collar
14:17 Stone Mining
15:47 Fletching
15:58 Padded Archer Armor
22:19 Castle Age
23:32 Double-Bit Axe
23:45 Bodkin Arrow
24:05 Leather Archer Armor
23:15 Elite Skirmisher
24:22 Crossbowman
25:45 Heavy Plow
29:47 Gold Mining
34:27 Hand Cart
35:51 Yeomen
43:17 Imperial Age
41:20 Forging
44:14 Arbalester
48:25 Ballistics
49:06 Chemistry
48:05 Murder Holes
AlduRe
0:30 Loom
12:07 Feudal Age
13:29 Wheelbarrow
12:40 Town Watch
13:10 Double-Bit Axe
13:08 Horse Collar
17:09 Stone Mining
17:19 Gold Mining
22:49 Castle Age
23:07 Scale Mail Armor
23:18 Forging
24:21 Stone Shaft Mining
23:58 Bow Saw
23:50 Heavy Plow
28:01 Eagle Warrior
28:26 Arson
28:42 Squires
28:04 Pikeman
30:30 Chain Mail Armor
30:58 Iron Casting
30:23 Crossbowman
30:59 Fletching
31:10 Padded Archer Armor
32:29 Thumb Ring
33:24 Bodkin Arrow
34:36 Ballistics
35:36 Hand Cart
35:07 Elite Skirmisher
36:06 Leather Archer Armor
39:59 Imperial Age
37:42 Murder Holes
37:57 Masonry
37:28 Treadmill Crane
38:01 Fortified Wall
40:11 Arbalester
40:55 Bracer
41:25 Ring Archer Armor
41:59 Chemistry
41:30 Architecture
44:11 Conscription
44:18 Conscription
43:19 Elite Plumed Archer
49:03 Blast Furnace
48:33 Plate Mail Armor
48:12 Hul'che Javelineers
Deadpool39
8:13 Loom
10:13 Feudal Age
11:26 Double-Bit Axe
11:23 Horse Collar
16:05 Castle Age
16:13 Horse Collar
22:35 Wheelbarrow
22:29 Pikeman
23:10 Squires
24:31 Heavy Plow
24:48 Town Watch
26:31 Stone Mining
29:14 Imperial Age
30:47 Scale Mail Armor
31:26 Halberdier
32:32 Forging
32:55 Gold Mining
33:25 Bow Saw
35:22 Chain Mail Armor
34:31 Elite Skirmisher
37:13 Chemistry
37:17 Iron Casting
37:20 Squires
38:16 Conscription
40:00 Hand Cart
39:48 Town Patrol
40:37 Elite Leitis
41:22 Tower Shields
42:54 Elite Leitis
44:07 Scale Barding Armor
43:56 Fletching
45:12 Two-Man Saw
44:43 Crop Rotation
45:16 Arson
Connection lost

Rejoining the realm…

Still unreachable

The connection could not be restored.

Session expired

The server has moved on; the page needs a fresh start.